cohdb
Replays
Latest Replays
All Replays
Popular Replays
Top Player Replays
Match Explorer
How It Works
Community
CoH3 Stats
Reddit
Sign in to upload your games and track your stats! →
Sign in with Steam
Match 44140659
Unlisted
Match 44140659
Overview
Messages
Build Orders
End
Panzergrenadier Squad
Panzergrenadier Squad
Panzergrenadier Squad
Construct Light Support Kompanie
Fire Support Elements
le.IG 18 Support Gun Team
Flakvierling Half-track
2.5-tonne Medical Truck
Construct Panzerarmee Kommand
Selects Italian Infantry
Selects Guastatori Squad
Guastatori Squad
Guastatori Squad
Panzer III L Medium Tank
2.5-tonne Medical Truck
Flak 36 Anti-tank Gun Team
AI Takeover
hohobbang
niam
Nihilanth
vincent
Nicilobster
♤☠ ҉ 新♌颖 ҉ ☠✠
Daan
Rurutia
0
0
Comments
sign in to comment!
No comments posted yet!